 Dungeon Crawl Stone Soup version 0.31.0-11-ge490571c62 (webtiles) character file.

Game seed: 16652432500467978984

4694 Ekaitz the Geomancer (level 10, -4/51 HPs)
             Began as a Deep Elf Earth Elementalist on Feb 1, 2024.
             Was a Believer of Sif Muna.
             Slain by an orc warrior
             ... wielding a +0 falchion
              (6 damage)
             ... on level 9 of the Dungeon.
             The game lasted 00:23:46 (9019 turns).

Ekaitz the Geomancer (Deep Elf Earth Elementalist)  Turns: 9019, Time: 00:23:47

Health: -4/51      AC: 10    Str:  7    XL:     10   Next: 21%
Magic:  3/24       EV: 15    Int: 21    God:    Sif Muna [**....]
Gold:   562        SH:  0    Dex: 17    Spells: 8/25 levels left

rFire   . . .        b - +1 dagger (venom)
rCold   . . .        (no shield)
rNeg    + . .        M - +0 steam dragon scales
rPois   +            k - +0 helmet
rElec   .            p - +0 cloak
rCorr   .            J - +1 pair of gloves
SInv    .            O - +0 pair of boots
Will    +....        (no amulet)
Stlth   +++          h - ring of positive energy
HPRegen 0.28/turn    x - ring of poison resistance
MPRegen 0.19/turn

%: no passive effects
@: no status effects
A: no striking features
a: Renounce Religion, Channel Magic


You were on level 9 of the Dungeon.
You worshipped Sif Muna.
Sif Muna was pleased with you.
You visited 2 branches of the dungeon, and saw 10 of its levels.

You collected 562 gold pieces.

Inventory:

Hand Weapons
 a - a +2 dagger of protection
 b - a +1 dagger of venom (weapon)
 j - a +3 dagger
 H - a +2 long sword of flaming
 K - a +5 spear of freezing
 N - a +3 scimitar
Missiles
 f - 32 poisoned darts
 I - a curare-tipped dart
 P - a throwing net
Armour
 k - a +0 helmet (worn)
 p - a +0 cloak (worn)
 v - a +1 scale mail of cold resistance
 B - a +3 leather armour of cold resistance
 G - a +0 buckler
 J - a +1 pair of gloves (worn)
 M - +0 steam dragon scales (worn)
 O - a +0 pair of boots (worn)
Jewellery
 h - a ring of positive energy (left hand)
 x - a ring of poison resistance (right hand)
Wands
 o - a wand of flame (49)
 y - a wand of charming (7)
 A - a wand of iceblast (10)
Scrolls
 i - 7 scrolls of teleportation {unknown}
 l - 4 scrolls of poison {unknown}
 m - 2 scrolls of revelation {unknown}
 n - 2 scrolls of fog {unknown}
 r - a scroll of enchant armour {unknown}
 s - 2 scrolls of silence {unknown}
 t - 2 scrolls of identify {unknown}
 w - 3 scrolls of blinking {unknown}
 D - 2 scrolls of vulnerability {unknown}
 L - a scroll of noise {unknown}
Potions
 c - 3 potions of degeneration {unknown}
 d - a potion of invisibility {unknown}
 e - 3 potions of mutation {unknown}
 g - 5 potions of curing {unknown}
 q - 2 potions of lignification {unknown}
 u - 2 potions of haste {unknown}
 z - 2 potions of enlightenment {unknown}
 C - a potion of magic
 E - a potion of heal wounds {unknown}
 F - 2 potions of might {unknown}


   Skills:
 + Level 0.6 Fighting
 + Level 2.0 Short Blades
 * Level 6.4 Dodging
 + Level 4.7 Stealth
 * Level 2.7 Shields
 + Level 8.0 Spellcasting
 * Level 5.9 Conjurations
 * Level 1.8 Summonings
 * Level 9.8 Earth Magic
 * Level 4.7 Alchemy
 * Level 2.4 Invocations
 * Level 2.6 Evocations


You had 8 spell levels left.
You knew the following spells:

 Your Spells              Type           Power      Damage    Failure   Level
a - Sandblast             Erth           98%        2d20      1%          1
b - Passwall              Erth           49%        N/A       1%          3
c - Stone Arrow           Conj/Erth      82%        3d12      1%          3
d - Brom's Barrelling Bo  Conj/Erth      41%        2d6       3%          4
e - Petrify               Alch/Erth      39%        N/A       4%          4
i - Call Imp              Summ           32%        N/A       5%          2

Your spell library contained the following spells:

 Spells                   Type           Power      Damage    Failure   Level
 Sublimation of Blood     Necr           8%         N/A       12%         2
 Summon Hydra             Summ           8%         N/A       100%        7


Dungeon Overview and Level Annotations

Branches:
Dungeon (9/15)             Temple (1/1) D:5            Lair (0/5) D:9
    Orc: D:9-12

Altars:
Ashenzari
Dithmenos
Elyvilon
Fedhas
Gozag
Hepliaklqana
Kikubaaqudgha
Makhleb
Nemelex Xobeh
Okawaru
Qazlal
Ru
Sif Muna
Trog
Uskayaw
Vehumet
Wu Jian
Xom
Yredelemnul
Zin
The Shining One

Shops:
D:5 !


Message History

Confirm with . or Enter, or press ? or * to list all spells.
Aiming: Stone Arrow (safe; 1% risk of failure)
Press: ? - help, Shift-Dir - straight line, f/p - orc warrior
Aim: an orc warrior, wielding a +0 falchion, wearing a +0 chain mail and wearing a +0 kite shield (severely wounded, 76% to hit)
The orc warrior blocks the stone arrow.
The orc warrior barely misses you.
The orc warrior hits you but does no damage.
Unknown command.
The orc warrior blocks your attack.
The orc warrior is severely wounded.
The orc warrior barely misses you. The orc warrior misses you.
You hit the orc warrior.
Your weapon exudes an aura of protection.
The orc warrior is almost dead.
The orc warrior hits you but does no damage.
You hit the orc warrior but do no damage.
The orc warrior is almost dead.
The orc warrior barely misses you.
The orc warrior hits you with a +0 falchion.
You hit the orc warrior but do no damage.
The orc warrior is almost dead.
The orc warrior hits you but does no damage.
The orc warrior blocks your attack.
The orc warrior is almost dead.
The orc warrior hits you with a +0 falchion. x2
Your +2 dagger of protection goes still.
Your +1 dagger of venom begins to drip with poison!
b - a +1 dagger of venom (weapon)
The orc warrior hits you with a +0 falchion!
* * * LOW HITPOINT WARNING * * *
The orc warrior hits you with a +0 falchion.
* * * LOW HITPOINT WARNING * * *
The orc warrior blocks your attack.
The orc warrior is almost dead.
The orc warrior hits you with a +0 falchion!
* * * LOW HITPOINT WARNING * * *
The orc warrior misses you.
You barely miss the orc warrior.
The orc warrior is almost dead.
The orc warrior hits you with a +0 falchion.
You die...

#....#..'........+......#
#....##'######..##.....##
####.......# ##..##[....##
.......#.......# #.......)...#
...)...#.......# #...##.....##
......#.......# #...##..[).## .
.....#.......# #....+....)##
#'####...#.....oo#####'###.....'.
.....#...####'##@....#..##....[##
o...o'....)....#>....#..##.....##
.....#.........#.....#.........#.
o....#.).......#.....#.........#.
.....#.........#.....#.........#.
.....#.........#.....#..##..##.#.
.....#.##.##.###.....##'##..##.##
######.##.##.####'#......#...#...
#.......#.....#...#......#...#...


You could see 2 orc warriors.

Vanquished Creatures
  A two-headed ogre (D:9)
  2 steam dragons
  Eustachio (D:4)
  Duvessa (D:5)
  A water moccasin (D:7)
  An orc warrior (D:8)
  4 black bears
  2 ogres (D:6)
  A centaur (D:8)
  2 kobold brigands
  Blork the orc (D:4)
  A gnoll sergeant (D:9)
  3 bullfrogs
  A scorpion (D:5)
  23 wights
  Dowan (D:5)
  3 howler monkeys (D:7)
  2 bombardier beetles
  4 hounds
  4 jellies
  An orc priest (D:7)
  2 gnoll boudas
  A sleepcap (D:7)
  3 iguanas
  Ijyb (D:5)
  4 orc wizards
  14 gnolls
  4 adders
  A white imp (D:7)
  4 ufetubi
  A ribbon worm (D:2)
  A dart slug (D:5)
  25 orcs
  9 endoplasms
  2 giant cockroaches
  5 goblins
  10 hobgoblins
  4 jackals (D:4)
  15 kobolds
  A quokka (D:1)
  5 ball pythons
  4 bats
  A frilled lizard (D:3)
  8 rats
185 creatures vanquished.

Vanquished Creatures (others)
  2 boulders
2 creatures vanquished.

Grand Total: 187 creatures vanquished

Notes
Turn   | Place    | Note
-------+----------+-------------------------------------------
     0 | D:1      | Ekaitz the Deep Elf Earth Elementalist began the quest for
                  | the Orb.
     0 | D:1      | Reached XP level 1. HP: 10/10 MP: 6/6
    55 | D:1      | Found a faded altar of an unknown god.
   242 | D:1      | Reached XP level 2. HP: 15/15 MP: 4/8
   520 | D:1      | Reached skill level 4 in Earth Magic
  1004 | D:2      | Reached XP level 3. HP: 17/19 MP: 8/10
  1008 | D:2      | Learned a level 3 spell: Passwall
  1012 | D:2      | Learned a level 3 spell: Stone Arrow
  1636 | D:3      | Reached skill level 5 in Earth Magic
  1636 | D:3      | Reached XP level 4. HP: 24/24 MP: 7/11
  1708 | D:3      | Learned a level 4 spell: Brom's Barrelling Boulder
  1872 | D:3      | Reached XP level 5. HP: 27/28 MP: 9/13
  2393 | D:4      | Reached skill level 6 in Earth Magic
  2504 | D:4      | Noticed Blork the orc
  2504 | D:4      | Noticed a black bear
  2509 | D:4      | Killed Blork the orc
  2510 | D:4      | Reached XP level 6. HP: 17/32 MP: 9/14
  2513 | D:4      | Reached skill level 5 in Spellcasting
  2525 | D:4      | Learned a level 4 spell: Petrify
  2660 | D:4      | Noticed Eustachio
  2698 | D:4      | Killed Eustachio
  2699 | D:4      | Reached XP level 7. HP: 27/36 MP: 12/17
  2837 | D:4      | Reached skill level 7 in Earth Magic
  3180 | D:5      | Entered Level 5 of the Dungeon
  3246 | D:5      | Noticed Ijyb
  3305 | D:5      | Noticed Duvessa
  3359 | D:5      | Identified the +3 halberd "Qybilach" {vamp, rElec}
  3524 | D:5      | Killed Ijyb
  3684 | D:5      | Found a broken altar of Ashenzari.
  3687 | D:5      | Found a sparkling altar of Nemelex Xobeh.
  3691 | D:5      | Found a bloodstained altar of Trog.
  3692 | D:5      | Found a glowing silver altar of Zin.
  3698 | D:5      | Found a sacrificial altar of Ru.
  3732 | D:5      | Reached XP level 8. HP: 37/42 MP: 1/19
  3848 | D:5      | Noticed Dowan
  4081 | D:5      | Found Hur Igem's Distillery.
  4145 | D:5      | Found a staircase to the Ecumenical Temple.
  4256 | Temple   | Entered the Ecumenical Temple
  4268 | Temple   | Became a worshipper of Sif Muna the Loreminder
  4344 | D:5      | Killed Dowan
  4345 | D:5      | Killed Duvessa
  4698 | D:6      | Reached skill level 1 in Alchemy
  4813 | D:6      | Reached skill level 1 in Short Blades
  4813 | D:6      | Reached skill level 5 in Dodging
  4813 | D:6      | Reached skill level 8 in Earth Magic
  5193 | D:6      | Reached skill level 5 in Conjurations
  5508 | D:7      | Reached * piety under Sif Muna
  5758 | D:7      | Reached skill level 1 in Shields
  5758 | D:7      | Reached XP level 9. HP: 38/46 MP: 14/21
  7026 | D:8      | Reached skill level 1 in Evocations
  7299 | D:8      | Reached skill level 9 in Earth Magic
  7416 | D:8      | Reached skill level 1 in Invocations
  7889 | D:8      | Reached ** piety under Sif Muna
  8113 | D:9      | Learned a level 2 spell: Call Imp
  8338 | D:9      | Reached skill level 1 in Summonings
  8385 | D:9      | Noticed a two-headed ogre
  8561 | D:9      | Killed a two-headed ogre
  8562 | D:9      | Reached XP level 10. HP: 36/51 MP: 16/23
  8795 | D:9      | Found a staircase to the Lair.
  9018 | D:9      | HP: 2/51 [orc warrior/+0 falchion (7)]
  9019 | D:9      | Slain by an orc warrior

Illustrated notes

Levels and vault maps discovered:
D:1:      dpeg_arrival_windows_large_door, layout_basic,
          hellmonk_ecumenical_altar_arch_garden, hex_large
D:2:      layout_loops_ring
D:3:      kennysheep_big_flooded_room, layout_rooms
D:4:      layout_loops_cross, grunt_ministairs_9, st_stairs_7, uniq_eustachio,
          uniq_blork_the_orc
D:5:      corexii_shack_village, layout_rooms,
          nicolae_overflow_hallway_of_the_gods, temple_statues, serial_shops,
          shop, uniq_duvessa, uniq_ijyb
D:6:      layout_rooms
D:7:      layout_loops_cross, serial_rivers, chequers_serial_rivers_large_b,
          chequers_serial_rivers_large_a, chequers_serial_rivers_small_b,
          chequers_serial_rivers_room_b
D:8:      layout_basic, serial_curves, eino_curves_04, eino_curves_01
D:9:      layout_gridville, lair_entry_dummy, hiddenorc2_lemuel, sword_in_stone
Temple:   nicolae_temple_superstar

Skill      XL: |  1  2  3  4  5  6  7  8  9 10 |
---------------+-------------------------------+-----
Earth Magic    | 4 5 6 7 8 9 |  9.8
Spellcasting   | 4 5 6 7 8 |  8.0
Conjurations   | 2 3 5 |  5.9
Stealth        | 3 4 |  4.7
Dodging        | 3 4 5 6 |  6.4
Alchemy        | 2 4 |  4.7
Short Blades   | 1 2 |  2.0
Shields        | 1 2 |  2.7
Evocations     | 2 |  2.6
Invocations    | 2 |  2.4
Summonings     | 1 |  1.8
Fighting       | |  0.6

Action                     |  1- 3 |  4- 6 |  7- 9 | 10-12 || total
---------------------------+-------+-------+-------+-------++-------
  Melee: Short sword       |     7 |       |       |       ||     7
         Punch             |     1 |       |     2 |       ||     3
         Dagger            |    10 |    26 |   103 |    15 ||   154
   Cast: Sandblast         |    40 |    58 |    31 |       ||   129
         Stone Arrow       |     1 |       |   114 |    15 ||   130
         Passwall          |     1 |       |     5 |     2 ||     8
         Brom's Barrelling |       |       |     3 |       ||     3
         Petrify           |       |       |     5 |     1 ||     6
  Evoke: Wand              |       |       |     4 |       ||     4
   Stab: Sleeping          |     3 |       |     6 |     1 ||    10
         Petrified         |       |       |    14 |       ||    14
 Armour: Robe              |    10 |    42 |    46 |       ||    98
         Steam dragon scal |       |       |    21 |    23 ||    44
  Dodge: Dodged            |    10 |    60 |    77 |    13 ||   160
